AoeStats
← AiM | Facu1414

African Clearing

504920184Analyzed
4v4 RM · 26d ago on Sep 7, 2026· 38m 53s· 8 players
Game mode
Random Map
Map size
Large (8 player)
Population
200
Speed
Normal
Resources
Standard
Victory
Conquest
Starting age
Dark Age
Ending age
Imperial Age
RankedLock teamsTeams togetherTeam positionsShared explorationLock speedFull tech treeHidden civsTurbo modeCheats
Victory
Defeat
🇦🇷 Gurjaras · Argentina
1479
+9
🇦🇷 Tupi · Argentina
1453
+10
🇧🇷 Wu · Brazil
1356
+13
🇯🇵 Berbers · Japan
1342
+14
🇲🇽 Armenians · Mexico
1365
-14
🇲🇽 Hindustanis · Mexico
1309
-12
🇲🇽 Tupi · Mexico
1303
-11
🇲🇽 Huns · Mexico
1246
-9
Mionel Lessi
3:21 Loom
15:34 Feudal Age
19:47 Castle Age
19:02 Fletching
20:52 Wheelbarrow
20:03 Double-Bit Axe
20:01 Horse Collar
20:14 Stone Mining
20:15 Gold Mining
24:52 Gold Mining
27:37 Bow Saw
28:34 Bodkin Arrow
32:22 Padded Archer Armor
34:47 Red Cliffs Tactics
36:19 Heavy Plow
36:56 Leather Archer Armor
37:16 Ballistics
38:53 Hand Cart
38:23 Town Watch
Keishi
4:32 Loom
12:37 Feudal Age
21:41 Castle Age
22:38 Town Watch
30:13 Double-Bit Axe
32:37 Fletching
AiM | Facu1414
6:42 Loom
13:09 Feudal Age
17:01 Castle Age
15:08 Double-Bit Axe
15:05 Horse Collar
15:44 Fletching
17:39 Padded Archer Armor
17:49 Bodkin Arrow
29:47 Leather Archer Armor
31:54 Ballistics
32:37 Scale Barding Armor
33:12 Forging
33:30 Bloodlines
33:20 Husbandry
34:03 Heavy Plow
34:15 Bow Saw
37:55 Chain Barding Armor
AIM | Agua cate 98
9:01 Loom
13:23 Feudal Age
17:25 Castle Age
15:29 Double-Bit Axe
17:41 Town Watch
18:50 Fletching
21:23 Bodkin Arrow
26:45 Padded Archer Armor
29:14 Horse Collar
30:24 Bow Saw
30:43 Leather Archer Armor
32:14 Ballistics
37:52 Murder Holes
Dark Gundam
9:39 Loom
12:29 Feudal Age
12:39 Man-at-Arms
13:45 Long Swordsman
14:53 Arson
19:27 Double-Bit Axe
22:22 Wheelbarrow
26:46 Castle Age
25:28 Gold Mining
25:36 Fletching
25:33 Horse Collar
36:39 Bow Saw
De_Aztek
2:56 Loom
12:27 Feudal Age
13:19 Double-Bit Axe
15:18 Fletching
24:18 Castle Age
25:45 Wheelbarrow
24:37 Elite Skirmisher
Mauzic
11:38 Loom
14:08 Feudal Age
16:20 Double-Bit Axe
16:21 Horse Collar
18:42 Forging
20:47 Wheelbarrow
25:11 Castle Age
23:36 Scale Mail Armor
24:53 Bloodlines
24:40 Gold Mining
25:31 Scale Barding Armor
26:06 Light Cavalry
27:14 Husbandry
27:29 Bow Saw
29:44 Chain Barding Armor
30:46 Hand Cart
33:30 Iron Casting
34:13 Gold Shaft Mining
37:04 Heavy Plow
41:08 Imperial Age
Ziton127
13:25 Feudal Age
14:14 Double-Bit Axe
17:09 Castle Age
18:48 Bow Saw
20:06 Loom
23:28 Horse Collar
25:10 Heavy Plow
25:22 Stone Mining
26:10 Gold Mining
28:20 Marauders
29:12 Bloodlines
29:17 Scale Barding Armor
29:23 Forging
29:58 Gold Shaft Mining
32:20 Husbandry
Connection lost

Rejoining the realm…

Still unreachable

The connection could not be restored.

Session expired

The server has moved on; the page needs a fresh start.